Workbook
Name aa: '[2]1993'!$A$1:$IV$3,'[2]1993'!$A$1:$A$65536
Name ad: '[3]МТР Газ України'!$B$1
Name as: '[4]МТР Газ України'!$B$1
Name asdf: [5]Inform!$E$6
Name asdfg: [5]Inform!$F$2
Name BuiltIn_Print_Area___1___1: #REF!
Name ClDate: [6]Inform!$E$6
Name ClDate_21: [7]Inform!$E$6
Name ClDate_25: [7]Inform!$E$6
Name ClDate_6: [8]Inform!$E$6
Name CompName: [6]Inform!$F$2
Name CompName_21: [7]Inform!$F$2
Name CompName_25: [7]Inform!$F$2
Name CompName_6: [8]Inform!$F$2
Name CompNameE: [6]Inform!$G$2
Name CompNameE_21: [7]Inform!$G$2
Name CompNameE_25: [7]Inform!$G$2
Name CompNameE_6: [8]Inform!$G$2
Name Cost_Category_National_ID: #REF!
Name Cе511: #REF!
Name d: '[9]МТР Газ України'!$B$4
Name dCPIb: [10]попер_роз!#REF!
Name dPPIb: [10]попер_роз!#REF!
Name ds: '[11]7 Інші витрати'!#REF!
Name Fact_Type_ID: #REF!
Name G: '[12]МТР Газ України'!$B$1
Name ij1sssss: '[13]7 Інші витрати'!#REF!
Name LastItem: [14]Лист1!$A$1
Name Load: '[15]МТР Газ України'!$B$4
Name Load_ID: '[16]МТР Газ України'!$B$4
Name Load_ID_10: '[17]7 Інші витрати'!#REF!
Name Load_ID_11: '[18]МТР Газ України'!$B$4
Name Load_ID_12: '[18]МТР Газ України'!$B$4
Name Load_ID_13: '[18]МТР Газ України'!$B$4
Name Load_ID_14: '[18]МТР Газ України'!$B$4
Name Load_ID_15: '[18]МТР Газ України'!$B$4
Name Load_ID_16: '[18]МТР Газ України'!$B$4
Name Load_ID_17: '[18]МТР Газ України'!$B$4
Name Load_ID_18: '[19]МТР Газ України'!$B$4
Name Load_ID_19: '[20]МТР Газ України'!$B$4
Name Load_ID_20: '[19]МТР Газ України'!$B$4
Name Load_ID_200: '[15]МТР Газ України'!$B$4
Name Load_ID_21: '[21]МТР Газ України'!$B$4
Name Load_ID_23: '[20]МТР Газ України'!$B$4
Name Load_ID_25: '[21]МТР Газ України'!$B$4
Name Load_ID_542: '[22]МТР Газ України'!$B$4
Name Load_ID_6: '[18]МТР Газ України'!$B$4
Name OpDate: [6]Inform!$E$5
Name OpDate_21: [7]Inform!$E$5
Name OpDate_25: [7]Inform!$E$5
Name OpDate_6: [8]Inform!$E$5
Name QR: [23]Inform!$E$5
Name qw: [5]Inform!$E$5
Name qwert: [5]Inform!$G$2
Name qwerty: '[4]МТР Газ України'!$B$4
Name ShowFil: [14]!ShowFil
Name SU_ID: #REF!
Name Time_ID: '[16]МТР Газ України'!$B$1
Name Time_ID_10: '[17]7 Інші витрати'!#REF!
Name Time_ID_11: '[18]МТР Газ України'!$B$1

Sheet Осн. фін. пок.
A1: ПОГОДЖЕНО | G1: Додаток 1
G2: до Порядку складання, затвердження
A3: Управління комунального господарства Коломийської міської ради | G3: та контролю виконання фінансового плану
A4: (найменування органу, який розглянув фінансовий план) | G4: суб'єкта господарювання державного сектору економіки
A5: Начальник А.П.Радовець | G5: (пункт 2)
A7: М.П.(посада П.І.Б., дата, підпис)
G9: ЗАТВЕРДЖЕНО
G10: Рішення міської ради
G11: від 30.08.2021 р. № 1059-18/2021
G12: Міський голова Богдан Станіславський
G16: М. П. (посада, П.І.Б., дата, підпис)
I20: Рік | J20: Коди
A21: Підприємство | B21: КОМУНАЛЬНЕ ПІДПРИЄМСТВО "Коломийська міська ритуальна служба" | I21: за ЄДРПОУ | J21: 34378405
A22: Організаційно-правова форма | B22: комунальне підприємство | I22: за КОПФГ | J22: 150
A23: Територія | B23: м.Коломия | I23: за КОАТУУ | J23: 2610600000
A24: Орган державного управління | I24: за СПОДУ
A25: Галузь | B25: Житлово-комунальне господарство | I25: за ЗКГНГ
A26: Вид економічної діяльності | B26: Організування поховань і надання суміжних послуг | I26: за КВЕД | J26: 96.03
A27: Одиниця виміру, тис. грн | G27: Стандарти звітності П(с)БОУ
A28: Форма власності | B28: комунальна | G28: Стандарти звітності МСФЗ
A29: Середньооблікова кількість штатних працівників | J29: 14
A30: Місцезнаходження | B30: 78200, місто Коломия, вулиця Олекси Довбуша, 420
A31: Телефон | B31: (033 34) 3-61-00
A32: Прізвище та ініціали керівника | B32: Джаман Роман Васильович
A33: ФІНАНСОВИЙ ПЛАН ПІДПРИЄМСТВА НА 2022 рік
A35: Основні фінансові показники
J36: тис.грн
A37: Найменування показника | B37: Код рядка | C37: Факт минулого року 2020 рік | D37: Фінансовий план поточного року 2021 рік | E37: Прогноз на поточний рік 2021 рік | F37: Плановий 2022 рік | G37: Інформація згідно із стратегічним планом розвитку
G38: плановий рік +1 рік | H38: плановий рік +2 роки | I38: плановий рік +3 роки | J38: плановий рік +4 роки
A39: 1 | B39: 2 | C39: 3 | D39: 4 | E39: 5 | F39: 6 | G39: 7 | H39: 8 | I39: 9 | J39: 10
A40: І. Формування фінансових результатів
A41: Чистий дохід від реалізації продукції (товарів, робіт, послуг) | B41: 1000 | C41: 2782.7 | D41: - | E41: 3339.3 | F41: ='I. Фін результат'!F7 -> 3740
A42: Собівартість реалізованої продукції (товарів, робіт, послуг) | B42: 1010 | C42: 2016 | D42: - | E42: 2143.5 | F42: 2401
A43: Валовий прибуток/збиток | B43: 1020 | C43: 8.3 | D43: - | E43: 9.7 | F43: 12
A44: Адміністративні витрати | B44: 1030 | C44: 667 | D44: - | E44: 1059.5 | F44: 1186
A45: Витрати на збут | B45: 1060 | C45: ='I. Фін результат'!C47 -> 0 | E45: ='I. Фін результат'!E47 -> 0 | F45: ='I. Фін результат'!F47 -> 0
A46: Інші операційні доходи | B46: 1070 | C46: 21.7 | E46: ='I. Фін результат'!E55 -> 0
A47: Інші операційні витрати | B47: 1080 | C47: 108.4 | E47: 122 | F47: 135
A48: Фінансовий результат від операційної діяльності | B48: 1100 | C48: 13 | E48: 13 | F48: 18
A49: EBITDA | B49: 1310 | C49: 4 | E49: 4 | F49: 6
A50: Рентабельність EBITDA | B50: =' V. Коефіцієнти'!B8 -> 5010
A51: Дохід від участі в капіталі | B51: 1110 | C51: ='I. Фін результат'!C68 -> 0 | D51: ='I. Фін результат'!D68 -> 0 | E51: ='I. Фін результат'!E68 -> 0 | F51: ='I. Фін результат'!F68 -> 0
A52: Втрати від участі в капіталі | B52: 1120 | C52: ='I. Фін результат'!C69 -> ( ) | D52: ='I. Фін результат'!D69 -> ( ) | E52: ='I. Фін результат'!E69 -> ( ) | F52: ='I. Фін результат'!F69 -> 0
A53: Інші фінансові доходи | B53: 1130 | C53: ='I. Фін результат'!C70 -> 0 | D53: ='I. Фін результат'!D70 -> 0 | E53: ='I. Фін результат'!E70 -> 0 | F53: ='I. Фін результат'!F70 -> 0
A54: Фінансові витрати | B54: 1140 | C54: ='I. Фін результат'!C71 -> ( ) | D54: ='I. Фін результат'!D71 -> ( ) | E54: ='I. Фін результат'!E71 -> ( ) | F54: ='I. Фін результат'!F71 -> 0
A55: Інші доходи | B55: 1150 | C55: ='I. Фін результат'!C72 -> 0 | D55: ='I. Фін результат'!D72 -> 0 | E55: ='I. Фін результат'!E72 -> 0 | F55: ='I. Фін результат'!F72 -> 0
A56: Інші витрати | B56: 1160 | C56: ='I. Фін результат'!C75 -> 0 | D56: ='I. Фін результат'!D75 -> 0 | E56: ='I. Фін результат'!E75 -> 0 | F56: ='I. Фін результат'!F75 -> 0
A57: Фінансовий результат до оподаткування | B57: 1170 | C57: 13 | D57: =SUM(D48, D51:D56) -> 0 | E57: =SUM(E48, E51:E56) -> 13 | F57: =SUM(F48, F51:F56) -> 18
A58: Витрати з податку на прибуток | B58: 1180 | C58: 4 | E58: 4 | F58: 6
A59: Дохід з податку на прибуток | B59: 1181 | D59: ='I. Фін результат'!D80 -> 0 | E59: ='I. Фін результат'!E80 -> 0 | F59: ='I. Фін результат'!F80 -> 0
A60: Прибуток від припиненої діяльності після оподаткування | B60: 1190 | C60: ='I. Фін результат'!C81 -> 0 | D60: ='I. Фін результат'!D81 -> 0 | E60: ='I. Фін результат'!E81 -> 0 | F60: ='I. Фін результат'!F81 -> 0
A61: Збиток від припиненої діяльності після оподаткування | B61: 1191 | C61: ='I. Фін результат'!C82 -> ( ) | D61: ='I. Фін результат'!D82 -> ( ) | E61: ='I. Фін результат'!E82 -> ( ) | F61: ='I. Фін результат'!F82 -> 0
A62: Чистий фінансовий результат | B62: 1200 | C62: 9 | E62: 9 | F62: 12
A63: Прибуток | B63: 1201 | C63: 9 | E63: 9 | F63: 12
A64: Збиток | B64: 1202 | C64: ='I. Фін результат'!C85 -> 0 | D64: ='I. Фін результат'!D85 -> 0 | E64: ='I. Фін результат'!E85 -> 0 | F64: ='I. Фін результат'!F85 -> 0
A65: IІ. Розрахунки з бюджетом
A66: Сплата податків та зборів до Державного бюджету України (податкові платежі), усього, у тому числі: | B66: 2110 | C66: 463 | E66: 489 | F66: 501
A67: податок на прибуток підприємств | B67: 2111 | C67: 3 | E67: 2 | F67: 3
A68: податок на додану вартість, що підлягає сплаті до бюджету за підсумками звітного періоду | B68: 2112 | C68: 430 | E68: 450 | F68: ='ІІ. Розр. з бюджетом'!F22 -> 467
A69: податок на додану вартість, що підлягає відшкодуванню з бюджету за підсумками звітного періоду | B69: 2113 | C69: ='ІІ. Розр. з бюджетом'!C23 -> 0 | D69: ='ІІ. Розр. з бюджетом'!D23 -> 0 | E69: ='ІІ. Розр. з бюджетом'!E23 -> 0 | F69: ='ІІ. Розр. з бюджетом'!F23 -> 0
A70: акцизний податок | B70: 2114 | C70: ='ІІ. Розр. з бюджетом'!C24 -> 0 | D70: ='ІІ. Розр. з бюджетом'!D24 -> 0 | E70: ='ІІ. Розр. з бюджетом'!E24 -> 0 | F70: ='ІІ. Розр. з бюджетом'!F24 -> 0
A71: відрахування частини чистого прибутку державними унітарними підприємствами та їх об'єднаннями | B71: 2115 | C71: 2 | E71: 2 | F71: 3
A72: рентна плата за транспортування | B72: 2116 | C72: ='ІІ. Розр. з бюджетом'!C26 -> 0 | D72: ='ІІ. Розр. з бюджетом'!D26 -> 0 | E72: ='ІІ. Розр. з бюджетом'!E26 -> 0 | F72: ='ІІ. Розр. з бюджетом'!F26 -> 0
A73: рентна плата за користування надрами | B73: 2117 | C73: ='ІІ. Розр. з бюджетом'!C27 -> 0 | D73: ='ІІ. Розр. з бюджетом'!D27 -> 0 | E73: ='ІІ. Розр. з бюджетом'!E27 -> 0 | F73: ='ІІ. Розр. з бюджетом'!F27 -> 0
A74: інші податки та збори (розшифрувати) (військ.збір) | B74: 2119 | C74: 28 | E74: 35 | F74: 38
A75: Сплата податків та зборів до місцевих бюджетів (податкові платежі) | B75: 2120 | C75: 333 | E75: 372 | F75: 417
A76: податок на доходи фізичних осіб | B76: 2121 | C76: 333 | E76: 372 | F76: 417
A77: Інші податки, збори та платежі на користь держави, усього, у тому числі: | B77: 2130 | C77: 389 | E77: 512 | F77: 573
A78: відрахування частини чистого прибутку господарськими товариствами, у статутному капіталі яких більше 50 відсотків акцій (часток, паїв) належать державі, на виплату дивідендів на державну частку | B78: 2131 | C78: ='ІІ. Розр. з бюджетом'!C36 -> 0 | D78: ='ІІ. Розр. з бюджетом'!D36 -> 0 | E78: ='ІІ. Розр. з бюджетом'!E36 -> 0 | F78: ='ІІ. Розр. з бюджетом'!F36 -> 0
A79: ЄСВ | B79: 2133 | C79: 389 | E79: 512 | F79: 573
A81: III. Рух грошових кошів
A82: Залишок коштів на початок періоду | B82: 3405 | C82: 44 | E82: 1.3 | F82: 1 | G82: x | H82: x | I82: x | J82: x
A83: Цільове фінансування | B83: 3030 | C83: ='ІІІ. Рух грош. коштів'!C13 -> 0 | E83: ='ІІІ. Рух грош. коштів'!E13 -> 0 | F83: ='ІІІ. Рух грош. коштів'!F13 -> 0
A84: Чистий рух коштів від операційної діяльності | B84: 3195 | C84: ='ІІІ. Рух грош. коштів'!C41 -> 3269.3 | E84: ='ІІІ. Рух грош. коштів'!E41 -> 3203 | F84: ='ІІІ. Рух грош. коштів'!F41 -> 4076 | G84: x | H84: x | I84: x | J84: x
A85: Чистий рух коштів від інвестиційної діяльності | B85: 3295 | C85: ='ІІІ. Рух грош. коштів'!C54 -> 0 | D85: ='ІІІ. Рух грош. коштів'!D54 -> 0 | E85: ='ІІІ. Рух грош. коштів'!E54 -> 0 | F85: ='ІІІ. Рух грош. коштів'!F54 -> 0 | G85: x | H85: x | I85: x | J85: x
A86: Чистий рух коштів від фінансової діяльності | B86: 3395 | C86: ='ІІІ. Рух грош. коштів'!C71 -> 0 | D86: ='ІІІ. Рух грош. коштів'!D71 -> 0 | E86: ='ІІІ. Рух грош. коштів'!E71 -> 0 | F86: ='ІІІ. Рух грош. коштів'!F71 -> 0 | G86: x | H86: x | I86: x | J86: x
A87: Вплив зміни валютних курсів на залишок коштів | B87: 3410 | C87: ='ІІІ. Рух грош. коштів'!C74 -> - | D87: ='ІІІ. Рух грош. коштів'!D74 -> 0 | E87: ='ІІІ. Рух грош. коштів'!E74 -> 0 | F87: ='ІІІ. Рух грош. коштів'!F74 -> 0 | G87: x | H87: x | I87: x | J87: x
A88: Залишок коштів на кінець періоду | B88: 3415 | C88: 1.3 | E88: =SUM(E82,E84:E87) -> 3204.3 | F88: 1 | G88: x | H88: x | I88: x | J88: x
A89: IV. Капітальні інвестиції
A90: Капітальні інвестиції | B90: 4000 | C90: 118 | D90: ='IV. Кап. інвестиції'!D6 -> - | E90: ='IV. Кап. інвестиції'!E6 -> - | F90: ='IV. Кап. інвестиції'!F6 -> -
A91: V. Коефіцієнтний аналіз
A92: Рентабельність діяльності | B92: 5040
A111: VІI. Кредитна політика
A112: Отримано залучених коштів, усього, у тому числі: | B112: 7000 | C112: =SUM(C113:C115) -> 0 | D112: =SUM(D113:D115) -> 0 | E112: =SUM(E113:E115) -> 0 | F112: =SUM(F113:F115) -> 0 | G112: =SUM(G113:G115) -> 0 | H112: =SUM(H113:H115) -> 0 | I112: =SUM(I113:I115) -> 0 | J112: =SUM(J113:J115) -> 0
A113: довгострокові зобов'язання | B113: 7001 | F113: ='6.1. Інша інфо_1'!G66 -> 0
A114: короткострокові зобов'язання | B114: 7002 | F114: ='6.1. Інша інфо_1'!G69 -> 0
A115: інші фінансові зобов'язання | B115: 7003 | F115: ='6.1. Інша інфо_1'!G72 -> 0
A116: Повернено залучених коштів, усього, у тому числі: | B116: 7010 | C116: =SUM(C117:C119) -> 0 | D116: =SUM(D117:D119) -> 0 | E116: =SUM(E117:E119) -> 0 | F116: =SUM(F117:F119) -> 0 | G116: =SUM(G117:G119) -> 0 | H116: =SUM(H117:H119) -> 0 | I116: =SUM(I117:I119) -> 0 | J116: =SUM(J117:J119) -> 0
A117: довгострокові зобов'язання | B117: 7011 | F117: ='6.1. Інша інфо_1'!J66 -> 0
A118: короткострокові зобов'язання | B118: 7012 | F118: ='6.1. Інша інфо_1'!J69 -> 0
A119: інші фінансові зобов'язання | B119: 7013 | F119: ='6.1. Інша інфо_1'!J72 -> 0
A120: VIII. Дані про персонал та витрати на оплату праці
A121: Середня кількість працівників (штатних працівників, зовнішніх сумісників та працівників, що працюють за цивільно-правовими договорами), у тому числі: | B121: 8000 | C121: 16 | E121: 14 | F121: 14 | G121: x | H121: x | I121: x | J121: x
A122: директор | B122: 8001 | C122: 1 | E122: 1 | F122: ='6.1. Інша інфо_1'!J12 -> 1 | G122: x | H122: x | I122: x | J122: x
A123: адміністративно-управлінський персонал | B123: 8002 | C123: 2 | E123: 3 | F123: ='6.1. Інша інфо_1'!J13 -> 3 | G123: x | H123: x | I123: x | J123: x
A124: працівники | B124: 8003 | C124: 13 | E124: 10 | F124: ='6.1. Інша інфо_1'!J14 -> 10 | G124: x | H124: x | I124: x | J124: x
A125: Витрати на оплату праці (тис.грн.) | B125: 8010 | C125: 1806 | E125: 2349 | F125: 2558 | G125: x | H125: x | I125: x | J125: x
A126: Середньомісячні витрати на оплату праці одного працівника (грн), усього, у тому числі: | B126: 8020 | C126: ='6.1. Інша інфо_1'!D23 -> 9406.3 | E126: ='6.1. Інша інфо_1'!H23 -> 13982.1 | F126: 15226.2 | H126: x | I126: x | J126: x
A127: директор | B127: 8021 | C127: 21692 | E127: 20583 | F127: 22667 | G127: x | H127: x | I127: x | J127: x
A128: адміністративно-управлінський персонал | B128: 8022 | C128: 11248 | E128: 12527.8 | F128: 13778 | G128: x | H128: x | I128: x | J128: x
...

Sheet I. Фін результат
A1: I. Формування фінансових результатів
K2: тис.грн
A3: Найменування показника | B3: Код рядка | C3: Факт минулого року, 2020 рік | D3: Фінансовий план поточного року, 2021 рік | E3: Прогноз на поточний рік, 2021 рік | F3: Плановий рік (усього), 2022 рік | G3: У тому числі за кварталами | K3: Пояснення та обґрунтування до запланованого рівня доходів/витрат
G4: І | H4: ІІ | I4: ІІІ | J4: ІV
A5: 1 | B5: 2 | C5: 3 | D5: 4 | E5: 5 | F5: 6 | G5: 7 | H5: 8 | I5: 9 | J5: 10 | K5: 11
A6: Доходи і витрати (деталізація)
A7: Дохід від реалізації продукції (товарів, робіт, послуг)цільове фінансування | B7: 1000 | C7: 2783 | E7: 3339 | F7: 3740 | G7: 924 | H7: 917 | I7: 925 | J7: 974
A8: Собівартість реалізованої продукції (товарів, робіт, послуг) | B8: 1010 | C8: 2016 | E8: 2144 | F8: 2766 | G8: -709 | H8: -702 | I8: -711 | J8: -758
A9: Витрати на сировину та основні матеріали: | B9: 1011 | C9: 211 | E9: 104 | F9: -261 | G9: -32 | H9: -100 | I9: -96 | J9: -33
A10: матеріали (котушки до тримерів, ліска, рукавиці, диски для косіння, лопати та інш.) | B10: 1011.1 | F10: -261 | G10: -32 | H10: -100 | I10: -96 | J10: -33
A11: Витрати на паливо | B11: 1012 | C11: 90 | E11: 143 | F11: -130 | G11: -18 | H11: -37 | I11: -44 | J11: -31
A12: Витрати на електроенергію | B12: 1013 | C12: 43 | E12: 63 | F12: -65 | G12: -17 | H12: -15 | I12: -15 | J12: -18
A13: Витрати на оплату праці | B13: 1014 | C13: 1276 | E13: 1503 | F13: -1885 | G13: -501 | H13: -426 | I13: -430 | J13: -528
A14: Відрахування на соціальні заходи | B14: 1015 | C14: 282 | E14: 331 | F14: -415 | G14: -110 | H14: -94 | I14: -95 | J14: -116
A15: Витрати, що здійснюються для підтримання об’єкта в робочому стані (проведення ремонту, технічного огляду, нагляду, обслуговування тощо) | B15: 1016
A16: Амортизація основних засобів і нематеріальних активів | B16: 1017 | C16: 101.4 | E16: 113.4 | F16: -114 | G16: -28 | H16: -28 | I16: -28 | J16: -30
A17: Інші витрати (розшифрувати) | B17: 1018 | C17: 114 | F17: -10 | G17: -3 | H17: -2 | I17: -3 | J17: -2
A18: Послуги екскаватора | B18: 1018.1 | C18: 114
A19: обслуговування компютерної техніки | B19: 1018.2 | F19: -2 | G19: -1 | I19: -1
A20: канцелярські товари | B20: 1018.3 | F20: -8 | G20: -2 | H20: -2 | I20: -2 | J20: -2
A21: Валовий прибуток (збиток) | B21: 1020
A22: Адміністративні витрати, у тому числі: | B22: 1030 | C22: 668 | E22: 1060 | F22: 833 | G22: -211 | H22: -210 | I22: -209 | J22: -212
A23: витрати, пов'язані з використанням власних службових автомобілів | B23: 1031
A24: витрати на оренду службових автомобілів | B24: 1032 | D24: ( ) | E24: ( )
A25: витрати на консалтингові послуги | B25: 1033 | D25: ( ) | E25: ( ) | F25: =SUM(G25:J25) -> 0 | G25: ( ) | H25: ( ) | I25: ( ) | J25: ( )
A26: витрати на страхові послуги | B26: 1034 | D26: ( ) | E26: ( ) | F26: =SUM(G26:J26) -> 0 | G26: ( ) | H26: ( ) | I26: ( ) | J26: ( )
A27: витрати на аудиторські послуги | B27: 1035 | D27: ( ) | E27: ( ) | F27: =SUM(G27:J27) -> 0 | G27: ( ) | H27: ( ) | I27: ( ) | J27: ( )
A28: витрати на службові відрядження | B28: 1036 | C28: 2.5
A29: витрати на зв’язок | B29: 1037 | C29: 3.5 | E29: 4 | F29: -4 | G29: -1 | H29: -1 | I29: -1 | J29: -1
A30: витрати на оплату праці | B30: 1038 | C30: 530 | E30: 846 | F30: -673 | G30: ((168) | H30: -168 | I30: -168 | J30: -169
A31: відрахування на соціальні заходи | B31: 1039 | C31: 101 | E31: 182 | F31: -148 | G31: -37 | H31: -37 | I31: -37 | J31: -37
A32: амортизація основних засобів і нематеріальних активів загальногосподарського призначення | B32: 1040 | C32: 7 | E32: 9 | F32: -9 | G32: -2 | H32: -2 | I32: -2 | J32: -3
A33: витрати на операційну оренду основних засобів та роялті, що мають загальногосподарське призначення | B33: 1041
A34: витрати на страхування майна загальногосподарського призначення | B34: 1042 | D34: ( ) | E34: ( ) | F34: =SUM(G34:J34) -> 0 | G34: ( ) | H34: ( ) | I34: ( ) | J34: ( )
A35: витрати на страхування загальногосподарського персоналу | B35: 1043 | D35: ( ) | E35: ( ) | F35: =SUM(G35:J35) -> 0 | G35: ( ) | H35: ( ) | I35: ( ) | J35: ( )
A36: організаційно-технічні послуги | B36: 1044 | J36: ( )
A37: консультаційні та інформаційні послуги | B37: 1045 | D37: ( ) | E37: ( ) | F37: =SUM(G37:J37) -> 0 | G37: ( ) | H37: ( ) | I37: ( ) | J37: ( )
A38: юридичні послуги | B38: 1046 | D38: ( ) | E38: ( ) | F38: =SUM(G38:J38) -> 0 | G38: ( ) | H38: ( ) | I38: ( ) | J38: ( )
A39: послуги з оцінки майна | B39: 1047 | D39: ( ) | E39: ( ) | F39: =SUM(G39:J39) -> 0 | G39: ( ) | H39: ( ) | I39: ( ) | J39: ( )
A40: витрати на охорону праці загальногосподарського персоналу | B40: 1048 | D40: ( ) | E40: ( ) | F40: =SUM(G40:J40) -> 0 | G40: ( ) | H40: ( ) | I40: ( ) | J40: ( )
A41: витрати на підвищення кваліфікації та перепідготовку кадрів | B41: 1049 | D41: ( ) | E41: ( ) | F41: =SUM(G41:J41) -> 0 | G41: ( ) | H41: ( ) | I41: ( ) | J41: ( )
A42: витрати на утримання основних фондів, інших необоротних активів загальногосподарського використання, у тому числі: | B42: 1050 | J42: ( )
A43: витрати на поліпшення основних фондів | B43: 1050/1 | D43: ( ) | E43: ( ) | F43: =SUM(G43:J43) -> 0 | G43: ( ) | H43: ( ) | I43: ( ) | J43: ( )
A44: інші адміністративні витрати (розшифрувати) | B44: 1051 | C44: 30 | E44: 28 | F44: -8 | G44: -3 | H44: -2 | I44: -1 | J44: -2
A45: періодичні видання,банківське обслуговування, канцтовари | B45: 1051.1 | C45: 30 | E45: 28 | F45: -6 | G45: -1 | H45: -2 | I45: -1 | J45: -2
A46: виготовл. свідоцтва на право власн., ел.ключі | B46: 1051.2 | F46: -2 | G46: -2
A47: Витрати на збут, у тому числі: | B47: 1060
A48: транспортні витрати | B48: 1061 | C48: ( ) | D48: ( ) | E48: ( ) | F48: =SUM(G48:J48) -> 0 | G48: ( ) | H48: ( ) | I48: ( ) | J48: ( )
A49: витрати на зберігання та упаковку | B49: 1062 | C49: ( ) | D49: ( ) | E49: ( ) | F49: =SUM(G49:J49) -> 0 | G49: ( ) | H49: ( ) | I49: ( ) | J49: ( )
A50: витрати на оплату праці | B50: 1063 | C50: ( ) | D50: ( ) | E50: ( ) | F50: =SUM(G50:J50) -> 0 | G50: ( ) | H50: ( ) | I50: ( ) | J50: ( )
A51: відрахування на соціальні заходи | B51: 1064 | C51: ( ) | D51: ( ) | E51: ( ) | F51: =SUM(G51:J51) -> 0 | G51: ( ) | H51: ( ) | I51: ( ) | J51: ( )
A52: амортизація основних засобів і нематеріальних активів | B52: 1065 | C52: ( ) | D52: ( ) | E52: ( ) | F52: =SUM(G52:J52) -> 0 | G52: ( ) | H52: ( ) | I52: ( ) | J52: ( )
A53: витрати на рекламу | B53: 1066 | C53: ( ) | D53: ( ) | E53: ( ) | F53: =SUM(G53:J53) -> 0 | G53: ( ) | H53: ( ) | I53: ( ) | J53: ( )
A54: інші витрати на збут (розшифрувати) | B54: 1067
A55: Інші операційні доходи, усього, у тому числі: | B55: 1070 | C55: 22
A56: надання платних послуг | F56: 0
A57: курсові різниці | B57: 1071 | D57: 0 | F57: =SUM(G57:J57) -> 0
A58: нетипові операційні доходи (розшифрувати) | B58: 1072 | C58: 0 | F58: =SUM(G58:J58) -> 0
A59: інші операційні доходи (надання платних послуг) | B59: 1073 | C59: 22
A60: Інші операційні витрати, усього, у тому числі: | B60: 1080 | C60: - | D60: =SUM(D61:D66) -> 0 | E60: =SUM(E61:E66) -> 0 | F60: =SUM(G60:J60) -> 0 | G60: =SUM(G61:G66) -> 0 | H60: =SUM(H61:H66) -> 0 | I60: =SUM(I61:I66) -> 0 | J60: =SUM(J61:J66) -> 0
A61: курсові різниці | B61: 1081 | C61: 0 | D61: 0 | E61: 0 | F61: =SUM(G61:J61) -> 0 | G61: 0 | H61: 0 | I61: 0 | J61: 0
A62: нетипові операційні витрати (розшифрувати) | B62: 1082 | C62: 0 | D62: 0 | E62: 0 | F62: =SUM(G62:J62) -> 0 | G62: 0 | H62: 0 | I62: 0 | J62: 0
A63: витрати на благодійну допомогу | B63: 1083 | C63: ( ) | D63: ( ) | E63: ( ) | F63: =SUM(G63:J63) -> 0 | G63: 0 | H63: 0 | I63: 0 | J63: 0
A64: відрахування до резерву сумнівних боргів | B64: 1084 | C64: ( ) | D64: ( ) | E64: ( ) | F64: =SUM(G64:J64) -> 0 | G64: 0 | H64: 0 | I64: 0 | J64: 0
A65: відрахування до недержавних пенсійних фондів | B65: 1085 | C65: ( ) | D65: ( ) | E65: ( ) | F65: =SUM(G65:J65) -> 0 | G65: 0 | H65: 0 | I65: 0 | J65: 0
A66: інші операційні витрати (розшифрувати) | B66: 1086 | C66: 22 | D66: ( ) | E66: ( ) | F66: =SUM(G66:J66) -> 0 | G66: 0 | H66: 0 | I66: 0 | J66: 0
A67: Фінансовий результат від операційної діяльності | B67: 1100 | C67: 13 | D67: 13 | E67: 13 | F67: 18 | G67: 4 | H67: 5 | I67: 5 | J67: 4
A68: Дохід від участі в капіталі (розшифрувати) | B68: 1110 | F68: =SUM(G68:J68) -> 0
A69: Втрати від участі в капіталі (розшифрувати) | B69: 1120 | C69: ( ) | D69: ( ) | E69: ( ) | F69: =SUM(G69:J69) -> 0 | G69: ( ) | H69: ( ) | I69: ( ) | J69: ( )
A70: Інші фінансові доходи (розшифрувати) | B70: 1130 | F70: =SUM(G70:J70) -> 0
A71: Фінансові витрати (розшифрувати) | B71: 1140 | C71: ( ) | D71: ( ) | E71: ( ) | F71: =SUM(G71:J71) -> 0 | G71: ( ) | H71: ( ) | I71: ( ) | J71: ( )
A72: Інші доходи, усього, у тому числі: | B72: 1150
A73: курсові різниці | B73: 1151 | F73: =SUM(G73:J73) -> 0
A74: інші доходи (розшифрувати)(Бюджет) | B74: 1152
A75: Інші витрати, усього, у тому числі: | B75: 1160 | D75: =SUM(D76:D77) -> 0 | E75: =SUM(E76:E77) -> 0 | F75: =SUM(G75:J75) -> 0 | G75: =SUM(G76:G77) -> 0 | H75: =SUM(H76:H77) -> 0 | I75: =SUM(I76:I77) -> 0 | J75: =SUM(J76:J77) -> 0
A76: курсові різниці | B76: 1161 | D76: ( ) | E76: ( ) | F76: =SUM(G76:J76) -> 0 | G76: ( ) | H76: ( ) | I76: ( ) | J76: ( )
A77: інші витрати (розшифрувати)(витрати по ліцензії) | B77: 1162 | F77: =SUM(G77:J77) -> 0 | G77: ( ) | H77: ( ) | I77: ( ) | J77: ( )
A78: Фінансовий результат до оподаткування | B78: 1170 | C78: 13 | D78: =SUM(D67,D68,D69,D70,D71,D72,D75) -> 13 | E78: =SUM(E67,E68,E69,E70,E71,E72,E75) -> 13 | F78: =SUM(F67,F68,F69,F70,F71,F72,F75) -> 18 | G78: =SUM(G67,G68,G69,G70,G71,G72,G75) -> 4 | H78: =SUM(H67,H68,H69,H70,H71,H72,H75) -> 5 | I78: =SUM(I67,I68,I69,I70,I71,I72,I75) -> 5 | J78: =SUM(J67,J68,J69,J70,J71,J72,J75) -> 4
A79: Витрати з податку на прибуток | B79: 1180 | C79: -4 | D79: -4 | E79: -4 | F79: 6 | G79: ( ) | H79: ( ) | I79: ( ) | J79: ( )
A80: Дохід з податку на прибуток | B80: 1181 | F80: =SUM(G80:J80) -> 0
A81: Прибуток від припиненої діяльності після оподаткування | B81: 1190 | F81: =SUM(G81:J81) -> 0
A82: Збиток від припиненої діяльності після оподаткування | B82: 1191 | C82: ( ) | D82: ( ) | E82: ( ) | F82: =SUM(G82:J82) -> 0 | G82: ( ) | H82: ( ) | I82: ( ) | J82: ( )
A83: Чистий фінансовий результат, у тому числі: | B83: 1200 | C83: 9 | D83: =SUM(D78,D79,D80,D81,D82) -> 9 | E83: =SUM(E78,E79,E80,E81,E82) -> 9 | F83: 12 | G83: 3 | H83: 3 | I83: 3 | J83: 3
A84: прибуток | B84: 1201
A85: збиток | B85: 1202
A86: Усього доходів | B86: 1210 | C86: =SUM(C7,C55,C68,C70,C72,C80,C81) -> 2805 | D86: =SUM(D7,D55,D68,D70,D72,D80,D81) -> 0 | E86: =SUM(E7,E55,E68,E70,E72,E80,E81) -> 3339 | F86: 3740 | G86: 924 | H86: 917 | I86: 925 | J86: 974
A87: Усього витрат | B87: 1220 | C87: 2792 | D87: 3326 | E87: 3326 | F87: -3722 | G87: -920 | H87: -912 | I87: -920 | J87: -970
A88: Неконтрольована частка | B88: 1230 | F88: =SUM(G88:J88) -> 0
A89: Розрахунок показника EBITDA
A90: Фінансовий результат від операційної діяльності, рядок 1100 | B90: 1300 | C90: 13 | D90: 13 | E90: 13 | F90: 18
A91: плюс амортизація, рядок 1430 | B91: 1301 | C91: 108 | D91: 122 | E91: 122 | F91: 123
A92: мінус операційні доходи від курсових різниць, рядок 1071 | B92: 1302 | C92: =C57 -> 0 | D92: =D57 -> 0 | E92: =E57 -> 0 | F92: =SUM(G92:J92) -> 0 | G92: =G57 -> 0 | H92: =H57 -> 0 | I92: =I57 -> 0 | J92: =J57 -> 0
A93: плюс операційні витрати від курсових різниць, рядок 1081 | B93: 1303 | C93: =C61 -> 0 | D93: =D61 -> 0 | E93: =E61 -> 0 | F93: =SUM(G93:J93) -> 0 | G93: =G61 -> 0 | H93: =H61 -> 0 | I93: =I61 -> 0 | J93: =J61 -> 0
A94: мінус значні нетипові операційні доходи, рядок 1072 | B94: 1304 | C94: =C58 -> 0 | D94: =D58 -> 0 | E94: =E58 -> 0 | F94: =SUM(G94:J94) -> 0 | G94: =G58 -> 0 | H94: =H58 -> 0 | I94: =I58 -> 0 | J94: =J58 -> 0
A95: плюс значні нетипові операційні витрати, рядок 1082 | B95: 1305 | C95: =C62 -> 0 | D95: =D62 -> 0 | E95: =E62 -> 0 | F95: =SUM(G95:J95) -> 0 | G95: =G62 -> 0 | H95: =H62 -> 0 | I95: =I62 -> 0 | J95: =J62 -> 0
A96: EBITDA | B96: 1310 | C96: =C90+C91-C92-C93-C94-C95 -> 121 | D96: =D90+D91-D92-D93-D94-D95 -> 135 | E96: =E90+E91-E92-E93-E94-E95 -> 135 | F96: =F90+F91-F92-F93-F94-F95 -> 141 | G96: =G90+G91-G92-G93-G94-G95 -> 0 | H96: =H90+H91-H92-H93-H94-H95 -> 0 | I96: =I90+I91-I92-I93-I94-I95 -> 0 | J96: =J90+J91-J92-J93-J94-J95 -> 0
A97: Елементи операційних витрат
A98: Матеріальні витрати, у тому числі: | B98: 1400 | C98: 344 | D98: 310 | E98: 310 | F98: 460 | G98: 68 | H98: 153 | I98: 156 | J98: 83
A99: витрати на сировину та основні матеріали | B99: 1401 | C99: 211 | D99: 104 | E99: 104 | F99: 265 | G99: 33 | H99: 101 | I99: 97 | J99: 34
A100: витрати на паливо та енергію | B100: 1402 | C100: 133 | D100: 206 | E100: 206 | F100: 195 | G100: 35 | H100: 52 | I100: 59 | J100: 49
...

Sheet ІІ. Розр. з бюджетом
A1: IІ. Розрахунки з бюджетом
I2: тис.грн
A3: Найменування показника | B3: Код рядка | C3: Факт минулого року | D3: Фінансовий план поточного року | E3: Прогноз на поточний рік | F3: Плановий рік (усього) | G3: У тому числі за кварталами
G4: І | H4: ІІ | I4: ІІІ | J4: ІV
A5: 1 | B5: 2 | C5: 3 | D5: 4 | E5: 5 | F5: 6 | G5: 7 | H5: 8 | I5: 9 | J5: 10
A6: Розподіл чистого прибутку
A7: Залишок нерозподіленого прибутку (непокритого збитку) на початок звітного періоду | B7: 2000
A8: Нараховані до сплати відрахування частини чистого прибутку, усього, у тому числі: | B8: 2010 | C8: 2 | E8: 2 | F8: 4 | G8: 1 | H8: 1 | I8: 1 | J8: 1
A9: державними унітарними підприємствами та їх об'єднаннями до державного бюджету | B9: 2011 | D9: ( ) | E9: ( ) | F9: =SUM(G9:J9) -> 0 | G9: ( ) | H9: ( ) | I9: ( ) | J9: ( )
A10: господарськими товариствами, у статутному капіталі яких більше 50 відсотків акцій (часток, паїв) належать державі, на виплату дивідендів | B10: 2012 | C10: ( ) | D10: ( ) | E10: ( ) | F10: =SUM(G10:J10) -> 0 | G10: ( ) | H10: ( ) | I10: ( ) | J10: ( )
A11: у тому числі на державну частку | B11: 2012/1 | C11: ( ) | D11: ( ) | E11: ( ) | F11: =SUM(G11:J11) -> 0 | G11: ( ) | H11: ( ) | I11: ( ) | J11: ( )
A12: Перенесено з додаткового капіталу | B12: 2020 | F12: =SUM(G12:J12) -> 0
A13: Розвиток виробництва | B13: 2030 | C13: ( ) | D13: ( ) | E13: ( ) | F13: =SUM(G13:J13) -> 0 | G13: ( ) | H13: ( ) | I13: ( ) | J13: ( )
A14: у тому числі за основними видами діяльності за КВЕД | B14: 2031 | C14: ( ) | D14: ( ) | E14: ( ) | F14: =SUM(G14:J14) -> 0 | G14: ( ) | H14: ( ) | I14: ( ) | J14: ( )
A15: Резервний фонд | B15: 2040 | C15: ( ) | D15: ( ) | E15: ( ) | F15: =SUM(G15:J15) -> 0 | G15: ( ) | H15: ( ) | I15: ( ) | J15: ( )
A16: Інші фонди (розшифрувати) | B16: 2050 | C16: ( ) | D16: ( ) | E16: ( ) | F16: =SUM(G16:J16) -> 0 | G16: ( ) | H16: ( ) | I16: ( ) | J16: ( )
A17: Інші цілі (розшифрувати) | B17: 2060 | C17: ( ) | D17: ( ) | E17: ( ) | F17: =SUM(G17:J17) -> 0 | G17: ( ) | H17: ( ) | I17: ( ) | J17: ( )
A18: Залишок нерозподіленого прибутку (непокритого збитку) на кінець звітного періоду | B18: 2070
A19: Сплата податків, зборів та інших обов'язкових платежів
A20: Сплата податків та зборів до Державного бюджету України (податкові платежі), усього, у тому числі: | B20: 2110 | C20: 463 | E20: 489 | F20: 512 | G20: 127 | H20: 128 | I20: 128 | J20: 129
A21: податок на прибуток підприємств | B21: 2111 | C21: 3 | E21: 2 | F21: 4 | G21: 1 | H21: 1 | I21: 1 | J21: 1
A22: податок на додану вартість, що підлягає сплаті до бюджету за підсумками звітного періоду | B22: 2112 | C22: 430 | E22: 450 | F22: 467 | G22: 116 | H22: 117 | I22: 117 | J22: 117
A23: податок на додану вартість, що підлягає відшкодуванню з бюджету за підсумками звітного періоду | B23: 2113
A24: акцизний податок | B24: 2114
A25: відрахування частини чистого прибутку державними унітарними підприємствами та їх об'єднаннями | B25: 2115 | C25: 2 | E25: 2 | F25: 3 | H25: 1 | I25: 1 | J25: 1
A26: рентна плата за транспортування | B26: 2116
A27: рентна плата за користування надрами | B27: 2117
B28: 2118
A29: інші податки та збори (розшифрувати) (військ.збір) | B29: 2119 | C29: 28 | E29: 35 | F29: 38 | G29: 10 | H29: 9 | I29: 9 | J29: 10
A30: Сплата податків та зборів до місцевих бюджетів (податкові платежі), усього, у тому числі: | B30: 2120 | C30: 333 | E30: 372 | F30: 417 | G30: 104 | H30: 104 | I30: 104 | J30: 105
A31: податок на доходи фізичних осіб | B31: 2121 | C31: 333 | E31: 372 | F31: 417 | G31: 104 | H31: 104 | I31: 104 | J31: 105
A32: земельний податок | B32: 2122
A33: орендна плата | B33: 2123
A34: інші податки та збори (розшифрувати) | B34: 2124
A35: Інші податки, збори та платежі на користь держави, усього, у тому числі: | B35: 2130 | C35: 389 | E35: 512 | F35: 573 | G35: 147 | H35: 136 | I35: 137 | J35: 153
A36: відрахування частини чистого прибутку господарськими товариствами, у статутному капіталі яких більше 50 відсотків акцій (часток, паїв) належать державі, на виплату дивідендів на державну частку | B36: 2131
A37: митні платежі | B37: 2132
A38: єдиний внесок на загальнообов'язкове державне соціальне страхування | B38: 2133 | C38: 389 | E38: 512 | F38: 573 | G38: 147 | H38: 136 | I38: 137 | J38: 153
A39: інші податки, збори та платежі (розшифрувати) | B39: 2134
A40: Погашення податкового боргу, усього, у тому числі: | B40: 2140
A41: погашення реструктуризованих та відстрочених сум, що підлягають сплаті в поточному році до бюджетів та державних цільових фондів | B41: 2141
A42: інші (штрафи, пені, неустойки) (розшифрувати) | B42: 2142
A43: Усього виплат на користь держави | B43: 2200 | C43: 1185 | E43: 1373 | F43: 1502
A48: В.о. директора, заступник директора | C48: _____________________________ | H48: Р.В.Джаман
A49: (посада) | C49: (підпис) | H49: (ініціали, прізвище)

Sheet ІІІ. Рух грош. коштів
A3: ІІІ. Рух грошових коштів (за прямим методом)
I4: тис.грн
A5: Найменування показника | B5: Код рядка | C5: Факт минулого року, 2020 | D5: План поточного року, 2021 | E5: Прогноз на поточний рік, 2021 | F5: Плановий рік (усього), 2022 | G5: У тому числі за кварталами
G6: І | H6: ІІ | I6: ІІІ | J6: ІV
A7: 1 | B7: 2 | C7: 3 | D7: 4 | E7: 5 | F7: 6 | G7: 7 | H7: 8 | I7: 9 | J7: 10
A8: І. Рух коштів у результаті операційної діяльності
A9: Надходження грошових коштів від операційної діяльності | B9: 3000 | C9: 3234 | E9: 3339 | F9: 4207 | G9: 1040 | H9: 1034 | I9: 1042 | J9: 1091
A10: Виручка від реалізації продукції (товарів, робіт, послуг) | B10: 3010 | C10: 3234 | E10: 3339 | F10: 4207 | G10: 1040 | H10: 1034 | I10: 1042 | J10: 1091
A11: Повернення податків і зборів, у тому числі: | B11: 3020
A12: податку на додану вартість | B12: 3021
A13: Цільове фінансування (розшифрувати) БЮДЖЕТ, ЛІКАРНЯНІ | B13: 3030
A14: Надходження авансів від покупців і замовників | B14: 3040
A15: Отримання коштів за короткостроковими зобов'язаннями, у тому числі: | B15: 3050
A16: кредити | B16: 3051
A17: позики | B17: 3052
A18: облігації | B18: 3053
A19: Інші надходження (розшифрувати) -ОРЕНДА, | B19: 3060
A20: Видатки грошових коштів від операційної діяльності | B20: 3100 | C20: 3269.3 | E20: 3203 | F20: 4076 | G20: 1007 | H20: 1002 | I20: 1010 | J20: 1057
A21: Розрахунки за продукцію (товари, роботи та послуги) | B21: 3110 | C21: 648 | E21: 310 | F21: 460 | G21: 68 | H21: 153 | I21: 156 | J21: 83
A22: Розрахунки з оплати праці | B22: 3120 | C22: 1452 | E22: 1667 | F22: 2060 | G22: 539 | H22: 478 | I22: 481 | J22: 562
A23: Повернення коштів за короткостроковими зобов'язаннями, у тому числі: | B23: 3130
A24: кредити | B24: 3131
A25: позики | B25: 3132
A26: облігації | B26: 3133
A27: Зобов’язання з податків, зборів та інших обов’язкових платежів, у тому числі: | B27: 3140 | C27: 715 | E27: 801 | F27: 931 | G27: 237 | H27: 225 | I27: 226 | J27: 243
A28: податок на прибуток підприємств | B28: 3141 | F28: 4 | G28: 1 | H28: 1 | I28: 1 | J28: 1
A29: податок на додану вартість | B29: 3142 | C29: 382 | E29: 428 | F29: 467 | G29: 116 | H29: 117 | I29: 117 | J29: 117
A30: акцизний податок | B30: 3143
A31: рентна плата | B31: 3144
A32: податок на доходи фізичних осіб | B32: 3145 | C32: 333 | E32: 373 | F32: 460 | G32: 120 | H32: 107 | I32: 108 | J32: 125
A33: інші обов’язкові платежі, у тому числі: | B33: 3146 | C33: 0.3 | F33: 4 | G33: 1 | H33: 1 | I33: 1 | J33: 1
A34: відрахування частини чистого прибутку комунальними підприємствами | B34: 3146/1 | C34: 0.3 | F34: 4 | G34: 1 | H34: 1 | I34: 1 | J34: 1
A35: відрахування частини чистого прибутку державними підприємствами | B35: 3146/2
A36: інші платежі (розшифрувати) ПОДАТКИ(єсв,військ.зб.) | B36: 3150 | C36: 417 | E36: 393 | F36: 601 | G36: 157 | H36: 140 | I36: 141 | J36: 163
A37: ЄСВ | B37: 3150.1 | C37: 389 | E37: 360 | F37: 563 | G37: 147 | H37: 131 | I37: 132 | J37: 153
A38: Військовий збір | B38: 3150.2 | C38: 28 | E38: 33 | F38: 38 | G38: 10 | H38: 9 | I38: 9 | J38: 10
A39: Повернення коштів до бюджету | B39: 3160
A40: Інші витрати (розшифрувати), (Банк.послуги, ліцензія до прогр.забезп.) | B40: 3170 | C40: 37 | E40: 32 | F40: 20 | G40: 5 | H40: 5 | I40: 5 | J40: 5
A41: Чистий рух коштів від операційної діяльності | B41: 3195 | C41: 3269.3 | E41: 3203 | F41: 4076 | G41: 1007 | H41: 1002 | I41: 1010 | J41: 1057
A42: II. Рух коштів у результаті інвестиційної діяльності
A43: Надходження грошових коштів від інвестиційної діяльності | B43: 3200
A44: Виручка від реалізації фінансових інвестицій | B44: 3210
A45: Виручка від реалізації необоротних активів | B45: 3220
A46: Надходження від продажу акцій та облігацій | B46: 3230
A47: Інші надходження (розшифрувати) | B47: 3240
A48: Видатки грошових коштів від інвестиційної діяльності | B48: 3255
A49: Придбання (створення) основних засобів (розшифрувати) | B49: 3260
A50: Капітальне будівництво (розшифрувати) | B50: 3265
A51: Придбання (створення) нематеріальних активів (розшифрувати) | B51: 3270
A52: Придбання акцій та облігацій | B52: 3275
A53: Інші витрати (розшифрувати) | B53: 3280
A54: Чистий рух коштів від інвестиційної діяльності | B54: 3295
A55: III. Рух коштів у результаті фінансової діяльності
A56: Надходження грошових коштів від фінансової діяльності | B56: 3300
A57: Надходження від власного капіталу | B57: 3310
A58: Отримання коштів за довгостроковими зобов'язаннями, у тому числі: | B58: 3320
A59: кредити | B59: 3321
A60: позики | B60: 3322
A61: облігації | B61: 3323
A62: Інші надходження (розшифрувати) % | B62: 3340
A63: Видатки грошових коштів від фінансової діяльності | B63: 3345
A64: Витрачання на викуп власних акцій | B64: 3350
A65: Повернення коштів за довгостроковими зобов'язаннями, у тому числі: | B65: 3360
A66: кредити | B66: 3361
A67: позики | B67: 3362
... A72: Чистий грошовий потік | B72: 3400
A73: Залишок коштів на початок періоду | B73: 3405 | C73: 44 | E73: 1 | F73: 1
A74: Вплив зміни валютних курсів на залишок коштів | B74: 3410 | C74: -
A75: Залишок коштів на кінець періоду | B75: 3415 | C75: 1 | E75: 1 | F75: 1
A77: В.о. директора, заступник директора | C77: _____________________________ | H77: Р.В.Джаман
A78: (посада) | C78: (підпис) | H78: (ініціали, прізвище)

Sheet IV. Кап. інвестиції
A1: IV. Капітальні інвестиції
A2: тис.грн
A3: Найменування показника | B3: Код рядка | C3: Факт минулого року, 2020 | D3: Фінансовий план поточного року, 2021 | E3: Прогноз на поточний рік, 2021 | F3: Плановий рік (усього), 2022 | G3: У тому числі за кварталами
G4: І | H4: ІІ | I4: ІІІ | J4: ІV
A5: 1 | B5: 2 | C5: 3 | D5: 4 | E5: 5 | F5: 6 | G5: 7 | H5: 8 | I5: 9 | J5: 10
A6: Капітальні інвестиції, усього, у тому числі: | B6: 4000 | C6: 118 | D6: - | E6: - | F6: -
A7: капітальне будівництво | B7: 4010
A8: придбання (виготовлення) основних засобів | B8: 4020 | C8: 118 | D8: - | E8: - | F8: -
A9: придбання (виготовлення) інших необоротних матеріальних активів | B9: 4030
A10: придбання (створення) нематеріальних активів | B10: 4040
A11: модернізація, модифікація (добудова, дообладнання, реконструкція) основних засобів | B11: 4050
A12: капітальний ремонт | B12: 4060
A16: В.о.директора, заступник директора | C16: _____________________________ | H16: Р.В.Джаман
A17: (посада) | C17: (підпис) | H17: (ініціали, прізвище)

Sheet  V. Коефіцієнти
A1: V. Коефіцієнтний аналіз
A3: Найменування показника | B3: Код рядка | C3: Оптимальне значення | D3: Факт минулого року, 2020 | E3: Фінансовий план поточного року, 2021 | F3: Прогноз на поточний рік, 2021 | G3: Плановий рік, 2022 | H3: Примітки
A5: 1 | B5: 2 | C5: 3 | D5: 4 | E5: 5 | F5: 6 | G5: 7 | H5: 8
A6: Коефіцієнти рентабельності та прибутковості
A7: Валова рентабельність (валовий прибуток, рядок 1020 / чистий дохід від реалізації продукції (товарів, робіт, послуг), рядок 1000) х 100, % | B7: 5000 | C7: Збільшення | D7: 0.003 | F7: 0.003 | G7: 0.003
A8: Рентабельність EBITDA (EBITDA, рядок 1310 / чистий дохід від реалізації продукції (товарів, робіт, послуг), рядок 1000) х 100, % | B8: 5010 | C8: Збільшення | D8: 0.002 | F8: 0.001 | G8: 0.002
A9: Рентабельність активів (чистий фінансовий результат, рядок 1200 / вартість активів, рядок 6020) х 100, % | B9: 5020 | C9: Збільшення | D9: 0.03 | F9: 0.03 | G9: 0.04 | H9: Характеризує ефективність використання активів підприємства
A10: Рентабельність власного капіталу (чистий фінансовий результат, рядок 1200 / власний капітал, рядок 6080) х 100, % | B10: 5030 | C10: Збільшення | D10: 0.03 | F10: 0.03 | G10: 0.04
A11: Рентабельність діяльності (чистий фінансовий результат, рядок 1200 / чистий дохід від реалізації продукції (товарів, робіт, послуг), рядок 1000) х 100, % | B11: 5040 | C11: Збільшення | D11: 0.005 | F11: 0.004 | G11: 0.005 | H11: Характеризує ефективність господарської діяльності підприємства
A12: Коефіцієнти фінансової стійкості та ліквідності
A13: Коефіцієнт відношення боргу до EBITDA (довгострокові зобов'язання, рядок 6030 + поточні зобов'язання, рядок 6040) / EBITDA, рядок 1310 | B13: 5100
A14: Коефіцієнт фінансової стійкості (власний капітал, рядок 6080 / (довгострокові зобов'язання, рядок 6030 + поточні зобов'язання, рядок 6040)) | B14: 5110 | C14: > 1 | H14: Характеризує співвідношення власних та позикових коштів і залежність підприємства від зовнішніх фінансових джерел
A15: Коефіцієнт поточної ліквідності (покриття) (оборотні активи, рядок 6010 / поточні зобов'язання, рядок 6040) | B15: 5120 | C15: > 1 | H15: Показує достатність ресурсів підприємства, які може бути використано для погашення його поточних зобов'язань. Нормативним значенням для цього показника є > 1–1,5
A16: Аналіз капітальних інвестицій
A17: Коефіцієнт відношення капітальних інвестицій до амортизації (капітальні інвестиції, рядок 4000 / амортизація, рядок 1430) | B17: 5200
A18: Коефіцієнт відношення капітальних інвестицій до чистого доходу від реалізації продукції (товарів, робіт, послуг) (капітальні інвестиції, рядок 4000 / чистий дохід від реалізації продукції (товарів, робіт, послуг), рядок 1000) | B18: 5210
A19: Коефіцієнт зносу основних засобів (сума зносу, рядок 6003 / первісна вартість основних засобів, рядок 6002) | B19: 5220 | C19: Зменшення | H19: Характеризує інвестиційну політику підприємства
A20: Ковенанти/обмежувальні коефіцієнти
A21: Інші коефіцієнти/ковенанти, якщо такі передбачені умовами кредитних договорів, із зазначенням банку, валюти та суми зобов'язання на дату останньої звітності, строку погашення. У графі "Оптимальне значення" вказати граничне значення коефіцієнта | B21: 5300
A25: В.о.директора, заступник директора | C25: Р.В.Джаман | H25: В.М.Михайлищук
A26: (посада) | C26: (підпис) | H26: (ініціали, прізвище)

Sheet 6.1. Інша інфо_1
A1: Інформація
A2: до фінансового плану на 2022 рік
A3: КОМУНАЛЬНЕ ПІДПРИЄМСТВО "КОЛОМИЙСЬКА МІСЬКА РИТУАЛЬНА СЛУЖБА"
A4: (найменування підприємства)
A5: 1. Дані про підприємство, персонал та витрати на оплату праці тис.грн
A7: Загальна інформація про підприємство (резюме)
A9: Найменування показника | D9: Факт минулого року, 2020 | F9: Фінансовий план поточного року, 2021 | H9: Прогноз на поточний рік, 2021 | J9: Плановий рік, 2022 | L9: Плановий рік до прогнозу на поточний рік, % | N9: Плановий рік до факту минулого року, %
A10: 1 | D10: 2 | F10: 3 | H10: 4 | J10: 5 | L10: 6 | N10: 7
A11: Середня кількість працівників (штатних працівників, зовнішніх сумісників та працівників, що працюють за цивільно-правовими договорами), у тому числі: | D11: 16 | H11: 14 | J11: 14 | L11: =J11/H11*100 -> 100 | N11: =J11/D11*100 -> 87.5
A12: директор | D12: 1 | H12: 1 | J12: 1 | L12: =J12/H12*100 -> 100 | N12: =J12/D12*100 -> 100
A13: адміністративно-управлінський персонал | D13: 2 | H13: 3 | J13: 3 | L13: =J13/H13*100 -> 100 | N13: =J13/D13*100 -> 150
A14: працівники | D14: 13 | H14: 10 | J14: 10 | L14: =J14/H14*100 -> 100 | N14: =J14/D14*100 -> 76.923077
A15: Фонд оплати праці, тис. грн, у тому числі: | D15: 1806 | H15: 2349 | J15: 2558 | L15: =J15/H15*100 -> 108.8974 | N15: =J15/D15*100 -> 141.63898
A16: директор | D16: 261 | H16: 247 | J16: 272 | L16: =J16/H16*100 -> 110.12146 | N16: =J16/D16*100 -> 104.21456
A17: адміністративно-управлінський персонал | D17: 269.9 | H17: 451 | J17: 496 | L17: =J17/H17*100 -> 109.97783 | N17: =J17/D17*100 -> 183.77177
A18: працівники | D18: 1275 | H18: 1651 | J18: 1790 | L18: =J18/H18*100 -> 108.41914 | N18: =J18/D18*100 -> 140.39216
A19: Витрати на оплату праці, тис. грн, у тому числі: | D19: 1806 | H19: 2349 | J19: 2558 | L19: =J19/H19*100 -> 108.8974 | N19: =J19/D19*100 -> 141.63898
A20: директор | D20: 261 | H20: 247 | J20: 272 | L20: =J20/H20*100 -> 110.12146 | N20: =J20/D20*100 -> 104.21456
A21: адміністративно-управлінський персонал | D21: 270 | H21: 451 | J21: 496 | L21: =J21/H21*100 -> 109.97783 | N21: =J21/D21*100 -> 183.7037
A22: працівники | D22: 1275 | H22: 1651 | J22: 1790 | L22: =J22/H22*100 -> 108.41914 | N22: =J22/D22*100 -> 140.39216
... A26: працівники | D26: 8200 | H26: 13758 | J26: 14917 | L26: =J26/H26*100 -> 108.42419 | N26: =J26/D26*100 -> 181.91463
A28: У разі збільшення витрат на оплату праці в плановому році порівняно з установленим рівнем поточного року та фактом попереднього року надаються відповідні обґрунтування.
A30: 2. Перелік підприємств, які включені до консолідованого (зведеного) фінансового плану
A32: Код за ЄДРПОУ | B32: Найменування підприємства | F32: Вид діяльності
A33: 1 | B33: 2 | F33: 3
A44: 3. Інформація про бізнес підприємства (код рядка 1000 фінансового плану)
A46: Найменування видів діяльності за КВЕД | B46: Питома вага в загальному обсязі реалізації, % | D46: Фактичний показник за 2020 минулий рік | G46: Плановий показник поточного2021 року | J46: Фактичний показник поточного року за останній звітний період на 31.12.2021р | M46: Плановий 2022 рік
B47: за минулий рік | C47: за плановий рік | D47: чистий дохід від реалізації продукції (товарів, робіт, послуг), тис. грн | E47: кількість продукції/ наданих послуг, одиниця виміру | F47: ціна одиниці (вартість продукції/ наданих послуг), грн | G47: чистий дохід від реалізації продукції (товарів, робіт, послуг), тис. грн | H47: кількість продукції/ наданих послуг, одиниця виміру | I47: ціна одиниці (вартість продукції/ наданих послуг), грн | J47: чистий дохід від реалізації продукції (товарів, робіт, послуг), тис. грн | K47: кількість продукції/ наданих послуг, одиниця виміру | L47: ціна одиниці (вартість продукції/ наданих послуг), грн | M47: чистий дохід від реалізації продукції (товарів, робіт, послуг), тис. грн | N47: кількість продукції/ наданих послуг, одиниця виміру | O47: ціна одиниці (вартість продукції/ наданих послуг), грн
A48: 1 | B48: 2 | C48: 3 | D48: 4 | E48: 5 | F48: 6 | G48: 7 | H48: 8 | I48: 9 | J48: 10 | K48: 11 | L48: 12 | M48: 13 | N48: 14 | O48: 15
A49: Організування поховань і надання суміжних послуг | D49: 671 | E49: 574 | F49: 1170 | J49: 950 | K49: 641 | L49: 1482 | M49: 1404 | N49: 650 | O49: 2160
A50: Благоустрій кладовищ | D50: 2134 | E50: - | F50: - | J50: 2389 | K50: - | L50: - | M50: 2336 | N50: - | O50: -
A51: Усього | D51: 2805 | E51: 574 | F51: 1170 | J51: 3339 | K51: 641 | L51: 1482 | M51: 3740 | N51: 650 | O51: 2160
A53: 4. Діючі фінансові зобов'язання підприємства
A55: Найменування банку | B55: Вид кредитного продукту та цільове призначення | D55: Сума, валюта за договорами | F55: Процентна ставка | H55: Дата видачі/погашення (графік) | K55: Заборгованість на останню дату | M55: Забезпечення
A56: 1 | B56: 2 | D56: 3 | F56: 4 | H56: 5 | K56: 6 | M56: 7
A60: Усього | B60: х | D60: х | F60: х | K60: =SUM(K57:K59) -> 0
A62: 5. Інформація щодо отримання та повернення залучених коштів
A64: Зобов'язання | D64: Заборгованість за кредитами на початок ______ року | G64: План із залучення коштів | J64: План з повернення коштів | M64: Заборгованість за кредитами на кінець ______ року
A65: 1 | D65: 2 | G65: 3 | J65: 4 | M65: 5
A66: Довгострокові зобов'язання, усього | M66: =D66+G66-J66 -> 0
A67: у тому числі:
A69: Короткострокові зобов'язання, усього | M69: =D69+G69-J69 -> 0
A70: у тому числі:
A72: Інші фінансові зобов'язання, усього | M72: =D72+G72-J72 -> 0
A73: у тому числі:
A75: Усього | D75: =SUM(D66,D69,D72) -> 0 | G75: =SUM(G66,G69,G72) -> 0 | J75: =SUM(J66,J69,J72) -> 0 | M75: =D75+G75-J75 -> 0

Sheet 6.2. Інша інфо_2
B2: 6. Витрати, пов'язані з використанням власних службових автомобілів (у складі адміністративних витрат, рядок 1031)
A4: № з/п | B4: Марка | C4: Рік придбання | G4: Мета використання | N4: Витрати, усього | Z4: Плановий рік до плану поточного року, % | AC4: Плановий рік до факту минулого року, %
N5: факт минулого року | R5: фінансовий план поточного року | V5: плановий рік
A6: 1 | B6: 2 | C6: 3 | G6: 4 | N6: 5 | R6: 6 | V6: 7 | Z6: 8 | AC6: 9
A7: 1 | Z7: =(V7/R7)*100 -> #DIV/0! | AC7: =(V7/N7)*100 -> #DIV/0!
Z8: =(V8/R8)*100 -> #DIV/0! | AC8: =(V8/N8)*100 -> #DIV/0!
Z9: =(V9/R9)*100 -> #DIV/0! | AC9: =(V9/N9)*100 -> #DIV/0!
Z10: =(V10/R10)*100 -> #DIV/0! | AC10: =(V10/N10)*100 -> #DIV/0!
A11: Усього | N11: =SUM(N7:N10) -> 0 | R11: =SUM(R7:R10) -> 0 | V11: =SUM(V7:V10) -> 0 | Z11: =(V11/R11)*100 -> #DIV/0! | AC11: =(V11/N11)*100 -> #DIV/0!
B13: 7. Витрати на оренду службових автомобілів (у складі адміністративних витрат, рядок 1032)
A15: № з/п | B15: Договір | C15: Марка | G15: Мета використання | N15: Дата початку оренди | Q15: Витрати, усього | Z15: Плановий рік до плану поточного року, % | AC15: Плановий рік до факту минулого року, %
Q16: факт минулого року | T16: фінансовий план поточного року | W16: плановий рік
A18: 1 | B18: 2 | C18: 3 | G18: 4 | N18: 5 | Q18: 6 | T18: 7 | W18: 8 | Z18: 9 | AC18: 10
Z19: =(W19/T19)*100 -> #DIV/0! | AC19: =(W19/Q19)*100 -> #DIV/0!
Z20: =(W20/T20)*100 -> #DIV/0! | AC20: =(W20/Q20)*100 -> #DIV/0!
Z21: =(W21/T21)*100 -> #DIV/0! | AC21: =(W21/Q21)*100 -> #DIV/0!
Z22: =(W22/T22)*100 -> #DIV/0! | AC22: =(W22/Q22)*100 -> #DIV/0!
A23: Усього | Q23: =SUM(Q19:Q22) -> 0 | T23: =SUM(T19:T22) -> 0 | W23: =SUM(W19:W22) -> 0 | Z23: =(W23/T23)*100 -> #DIV/0! | AC23: =(W23/Q23)*100 -> #DIV/0!
B26: 8. Джерела капітальних інвестицій
AE27: тис. грн (без ПДВ)
A28: № з/п | B28: Найменування об’єкта | G28: Залучення кредитних коштів | L28: Бюджетне фінансування | Q28: Власні кошти (розшифрувати) | V28: Інші джерела (розшифрувати) | AA28: Усього
G29: рік | H29: у тому числі за кварталами | L29: рік | M29: у тому числі за кварталами | Q29: рік | R29: у тому числі за кварталами | V29: рік | W29: у тому числі за кварталами | AA29: рік | AB29: у тому числі за кварталами
H30: І | I30: ІІ | J30: ІІІ | K30: ІV | M30: І | N30: ІІ | O30: ІІІ | P30: ІV | R30: І | S30: ІІ | T30: ІІІ | U30: ІV | W30: І | X30: ІІ | Y30: ІІІ | Z30: ІV | AB30: І | AC30: ІІ | AD30: ІІІ | AE30: ІV
A31: 1 | B31: 2 | G31: 3 | H31: 4 | I31: 5 | J31: 6 | K31: 7 | L31: 8 | M31: 9 | N31: 10 | O31: 11 | P31: 12 | Q31: 13 | R31: 14 | S31: 15 | T31: 16 | U31: 17 | V31: 18 | W31: 19 | X31: 20 | Y31: 21 | Z31: 22 | AA31: 23 | AB31: 24 | AC31: 25 | AD31: 26 | AE31: 27
G32: =SUM(H32,I32,J32,K32) -> 0 | L32: =SUM(M32,N32,O32,P32) -> 0 | Q32: =SUM(R32,S32,T32,U32) -> 0 | V32: =SUM(W32,X32,Y32,Z32) -> 0 | AA32: =SUM(AB32,AC32,AD32,AE32) -> 0 | AB32: =SUM(H32,M32,R32,W32) -> 0 | AC32: =SUM(I32,N32,S32,X32) -> 0 | AD32: =SUM(J32,O32,T32,Y32) -> 0 | AE32: =SUM(K32,P32,U32,Z32) -> 0
G33: =SUM(H33,I33,J33,K33) -> 0 | L33: =SUM(M33,N33,O33,P33) -> 0 | Q33: =SUM(R33,S33,T33,U33) -> 0 | V33: =SUM(W33,X33,Y33,Z33) -> 0 | AA33: =SUM(AB33,AC33,AD33,AE33) -> 0 | AB33: =SUM(H33,M33,R33,W33) -> 0 | AC33: =SUM(I33,N33,S33,X33) -> 0 | AD33: =SUM(J33,O33,T33,Y33) -> 0 | AE33: =SUM(K33,P33,U33,Z33) -> 0
G34: =SUM(H34,I34,J34,K34) -> 0 | L34: =SUM(M34,N34,O34,P34) -> 0 | Q34: =SUM(R34,S34,T34,U34) -> 0 | V34: =SUM(W34,X34,Y34,Z34) -> 0 | AA34: =SUM(AB34,AC34,AD34,AE34) -> 0 | AB34: =SUM(H34,M34,R34,W34) -> 0 | AC34: =SUM(I34,N34,S34,X34) -> 0 | AD34: =SUM(J34,O34,T34,Y34) -> 0 | AE34: =SUM(K34,P34,U34,Z34) -> 0
G35: =SUM(H35,I35,J35,K35) -> 0 | L35: =SUM(M35,N35,O35,P35) -> 0 | Q35: =SUM(R35,S35,T35,U35) -> 0 | V35: =SUM(W35,X35,Y35,Z35) -> 0 | AA35: =SUM(AB35,AC35,AD35,AE35) -> 0 | AB35: =SUM(H35,M35,R35,W35) -> 0 | AC35: =SUM(I35,N35,S35,X35) -> 0 | AD35: =SUM(J35,O35,T35,Y35) -> 0 | AE35: =SUM(K35,P35,U35,Z35) -> 0
A36: Усього | G36: =SUM(G32:G35) -> 0 | H36: =SUM(H32:H35) -> 0 | I36: =SUM(I32:I35) -> 0 | J36: =SUM(J32:J35) -> 0 | K36: =SUM(K32:K35) -> 0 | L36: =SUM(L32:L35) -> 0 | M36: =SUM(M32:M35) -> 0 | N36: =SUM(N32:N35) -> 0 | ... AE36: =SUM(AE32:AE35) -> 0
A37: Відсоток | G37: =G36/AA36*100 -> #DIV/0! | L37: =L36/AA36*100 -> #DIV/0! | Q37: =Q36/AA36*100 -> #DIV/0! | V37: =V36/AA36*100 -> #DIV/0! | AA37: =SUM(G37,L37,Q37,V37) -> #DIV/0!
B40: 9. Капітальне будівництво (рядок 4010 таблиці 4)
AE41: тис. грн (без ПДВ)
A42: № з/п | B42: Найменування об’єктів | C42: Рік початку і закінчення будівництва | E42: Загальна кошторисна вартість | G42: Первісна балансова вартість введених потужностей на початок планового року | I42: Незавершене будівництво на початок планового року | K42: Плановий рік | U42: Інформація щодо проектно-кошторисної документації (стан розроблення, затвердження, у разі затвердження зазначити орган, яким затверджено, та відповідний документ) | Z42: Документ, яким затверджений титул будови, із зазначенням органу, який його погодив
K43: освоєння капітальних вкладень | M43: фінансування капітальних інвестицій (оплата грошовими коштами), усього | O43: у тому числі
O44: власні кошти | Q44: кредитні кошти | S44: інші джерела (зазначити джерело)
A45: 1 | B45: 2 | C45: 3 | E45: 4 | G45: 5 | I45: 6 | K45: 7 | M45: 8 | O45: 9 | Q45: 10 | S45: 11 | U45: 12 | Z45: 13
M46: =SUM(O46,Q46,S46) -> 0
M47: =SUM(O47,Q47,S47) -> 0
M48: =SUM(O48,Q48,S48) -> 0
M49: =SUM(O49,Q49,S49) -> 0
M50: =SUM(O50,Q50,S50) -> 0
M51: =SUM(O51,Q51,S51) -> 0
M52: =SUM(O52,Q52,S52) -> 0
A53: Усього | E53: =SUM(E46:E52) -> 0 | G53: =SUM(G46:G52) -> 0 | I53: =SUM(I46:I52) -> 0 | K53: =SUM(K46:K52) -> 0 | M53: =SUM(M46:M52) -> 0 | O53: =SUM(O46:O52) -> 0 | Q53: =SUM(Q46:Q52) -> 0 | S53: =SUM(S46:S52) -> 0
B57: В.о.директора, заступник директора | L57: ____________________________________________ | V57: Р.В.Джаман
C58: (посада) | N58: (підпис) | V58: (ініціали, прізвище)
